 Dungeon Crawl Stone Soup version 0.21.1-1-g345015fe64 (webtiles) character file.

151 Naru the Bolt Thrower (level 5, -4/31 HPs)
             Began as a Kobold Hunter on June 16, 2018.
             Slain by a fire bat (6 damage)
             ... on level 3 of the Dungeon.
             The game lasted 00:03:18 (1556 turns).

Naru the Bolt Thrower (Kobold Hunter)               Turns: 1556, Time: 00:03:19

Health: -4/31      AC:  4    Str: 10    XL:     5   Next: 60%
Magic:  5/5        EV: 15    Int: 17    God:
Gold:   148        SH:  0    Dex: 16    Spells: 4/4 levels left

rFire    . . .     SeeInvis .   a - +1 hand crossbow
rCold    . . .     Gourm    .   (shield restricted)
rNeg     . . .     Faith    .   c - +0 leather armour
rPois    .         Spirit   .   k - +0 helmet
rElec    .         Reflect  .   (no cloak)
rCorr    .         Harm     .   (no gloves)
MR       .....                  (no boots)
Stlth    ++........             (no amulet)
HPRegen  0.10/turn              (no ring)
MPRegen  0.09/turn              (no ring)

@: brilliant, very slightly contaminated, invisible
A: small, carnivore
a: no special abilities


You were on level 3 of the Dungeon.
You were not hungry.

You visited 1 branch of the dungeon, and saw 3 of its levels.

You collected 148 gold pieces.

Inventory:

Hand Weapons
 a - a +1 hand crossbow (weapon)
 b - a +0 short sword
Missiles
 e - 8 tomahawks (quivered)
 g - 6 javelins
 u - 16 arrows
Armour
 c - a +0 leather armour (worn)
 k - a +0 helmet (worn)
Jewellery
 r - an uncursed ring of see invisible {unknown}
 v - an uncursed ring of fire {unknown}
Scrolls
 h - 3 scrolls of identify {unknown}
 i - a scroll of fear {unknown}
 j - 2 scrolls of remove curse {unknown}
 m - a scroll of fog {unknown}
 t - a scroll of blinking {unknown}
 w - a scroll of enchant armour {unknown}
Potions
 l - a potion of curing {unknown}
 o - a potion of flight {unknown}
 p - a potion of magic {unknown}
 q - a potion of might {unknown}
Comestibles
 f - 2 rations


   Skills:
 * Level 2.6 Fighting
 * Level 7.4 Crossbows
 + Level 0.3 Armour
 + Level 2.5 Dodging
 + Level 1.5 Stealth


You had 4 spell levels left.
You didn't know any spells.

Dungeon Overview and Level Annotations

Branches:
Dungeon (3/15)

Altars:


Innate Abilities, Weirdness & Mutations

You are small and have problems with some larger weapons.
You are carnivorous and can eat meat at any time.


Message History

The skeletal bat hits you but does no damage.
The fire bat misses you. The skeletal bat misses you.
You see here 2 bolts.
The skeletal bat completely misses you. The skeletal bat hits you.
* * * LOW HITPOINT WARNING * * *
The fire bat bites you.
* * * LOW HITPOINT WARNING * * *
You are engulfed in flames.
* * * LOW HITPOINT WARNING * * *
The skeletal bat closely misses you.
You see here 3 bolts.
It was a potion of invisibility.
You fade into invisibility!
The skeletal bat misses you. x2; The fire bat misses you.
The skeletal bat misses you.
You are very lightly contaminated with residual magic.
It was a potion of brilliance.
You feel clever all of a sudden. The fire bat bites you.
You die...

### ##### #.#####
#...# #.##..#
#####.#.#
###.#.†.# ##
#.....#.#
#.##.#[## b##
#.#####.# #.#.####
... ####.#
#.######†.### ...
...#.#
#.##..##Z...###
#.# ##.#.#
#....#.@b###..##.#
#.#.##############
##...# #.#.......#
##(## #..<....#.#
#.(.# ########.#.#
#..(.##
.......#.#.#
#.Zb.#
######.#.#.#
..#..#
.).......#.# # ###
#######.##.#


You could see a fire bat and a skeletal bat.

Vanquished Creatures
  A vampire bat (D:3)
  An adder (D:3)
  An ooze (D:1)
  2 worms (D:2)
  A dart slug (D:1)
  3 orcs (D:2)
  A ball python (D:2)
  A bat skeleton (D:3)
  3 goblins
  2 hobgoblins
  17 bats
  2 rats
35 creatures vanquished.

Notes
Turn   | Place    | Note
-------+----------+-------------------------------------------
     0 | D:1      | Naru the Kobold Hunter began the quest for the Orb.
     0 | D:1      | Reached XP level 1. HP: 12/12 MP: 1/1
     4 | D:1      | Reached skill level 5 in Crossbows
     4 | D:1      | Reached XP level 2. HP: 17/17 MP: 2/2
   578 | D:2      | Reached XP level 3. HP: 21/21 MP: 3/3
   719 | D:2      | Reached skill level 6 in Crossbows
  1501 | D:3      | Reached XP level 4. HP: 26/26 MP: 4/4
  1515 | D:3      | Reached skill level 7 in Crossbows
  1515 | D:3      | Reached XP level 5. HP: 31/31 MP: 5/5
  1556 | D:3      | Slain by a fire bat

Skill      XL: |  1  2  3  4 |
---------------+-------------+-----
Crossbows      | 5 6 7 |  7.4
Fighting       | |  2.6
Armour         | |  0.3
Dodging        | |  2.5
Stealth        | |  1.5

Action                   |  1- 3 |  4- 6 || total
-------------------------+-------+-------++-------
 Fire: Hand crossbow     |    49 |    20 ||    69
  Use: Potion            |       |     2 ||     2
  Eat: Chunk             |     2 |       ||     2
       Ration            |     1 |       ||     1
Armor: Leather armour    |     2 |    16 ||    18
Dodge: Dodged            |     7 |    57 ||    64
